Map: Echo LE (Void)

Players

SkyHerder - Winner!

  • Race: Zerg Zerg
  • League: Platinum
  • Spawn Location: 11:00

Twister

  • Race: Terran Terran
  • League: Silver
  • Spawn Location: 5:00

VOD

Have the link to the VOD?

Description

Time

  • Played on: Jan. 23, 2017, 1:24 p.m.
  • Length: 10:28
Show
View Real Time Build Order
Export as new Build Order

SkyHerder Zerg - Winner!

Build Orders: Pool First 

Get SALT Encoding   

  12  0:01  Drone  
  13  0:08  Drone  
  13  0:13  Extractor  
  13  0:16  Drone  
  15  0:23  Overlord  
  15  0:42  Drone x2  
  17  0:47  Spawning Pool  
  17  0:49  Extractor, Drone  
  16  0:57  Drone  
  17  1:17  Hatchery  
  16  1:23  Drone  
  16  1:24  Drone  
  18  1:29  Drone  
  19  1:39  Queen  
  21  1:51  Evolution Chamber  
  20  1:59  Metabolic Boost  
  20  2:00  Drone x2  
  22  2:07  Overlord  
  22  2:22  Baneling Nest  
  21  2:23  Zergling x2  
  21  2:26  Zergling x2  
  21  2:29  Zergling x2  
  24  2:33  Zergling x2  
  25  2:40  Zergling x2  
  25  2:44  Zergling x2  
  27  2:56  Zergling x8  
  31  3:01  Zergling x2  
  31  3:05  Zergling x2  
  33  3:14  Zergling x2  
  33  3:18  Queen  
  33  3:19  Overlord  
  36  3:45  Zergling x2  
  36  3:46  Zergling x10  
  42  4:06  Zergling x4  
  43  4:12  Baneling x2  
  43  4:13  Zergling x2, Baneling  
  44  4:21  Zergling x6  
  39  4:24  Zergling x2  
  35  4:33  Zerg Melee Weapons Level 1  
  35  4:34  Drone x2  
  37  4:43  Zergling x2  
  38  4:52  Zergling x4  
  39  4:56  Hatchery  
  39  4:57  Zergling x2, Baneling x2  
  39  5:05  Lair  
  39  5:08  Baneling x2  
  39  5:16  Drone x3  
  39  5:38  Zergling x10  
  39  5:39  Zergling x4  
  42  5:44  Pneumatized Carapace  
  42  5:46  Drone  
  43  5:52  Drone  
  43  5:57  Evolution Chamber  
  43  5:59  Drone  
  44  6:07  Extractor  
  44  6:08  Drone x3  
  44  6:09  Drone  
  47  6:12  Zergling x4  
  49  6:28  Overlord x2, Zergling x2  
  50  6:46  Baneling x2  
  48  6:47  Zergling x2, Baneling  
  48  6:48  Zergling x16  
  57  7:05  Zergling x10  
  57  7:07  Zergling x4  
  57  7:08  Zergling x2  
  57  7:17  Zergling x6  
  57  7:18  Zergling x8  
  59  7:23  Zergling x4  
  59  7:29  Zerg Ground Armor Level 1  
  59  7:46  Infestation Pit, Zergling x2  
  59  7:47  Zergling x10  
  59  7:49  Drone  
  65  8:01  Overlord x2  
  65  8:02  Overlord  
  65  8:24  Extractor  
  64  8:27  Burrow  
  64  8:29  Drone  
  64  8:30  Extractor, Drone x8  
  72  8:57  Zergling x2  
  72  8:58  Zergling x14  
  80  9:33  Baneling x3  
  80  9:34  Baneling x4  
  80  9:36  Baneling  
  80  9:37  Baneling x6  
  80  9:38  Zergling x16  
  81  9:39  Zergling x2  
  81  9:42  Overlord  
  81  9:43  Overlord  
  80  10:10  Baneling x3  
  80  10:11  Baneling x3  
Show
View Real Time Build Order
Export as new Build Order

Twister Terran 

Build Orders:  

Get SALT Encoding   

  12  0:02  SCV  
  13  0:14  SCV  
  13  0:19  Supply Depot  
  14  0:26  SCV  
  15  0:40  SCV  
  15  0:42  Barracks  
  16  0:46  Refinery  
  16  0:52  SCV  
  17  1:04  SCV  
  18  1:18  SCV  
  19  1:30  Command Center  
  19  1:38  Orbital Command  
  19  1:41  Barracks Reactor  
  19  1:55  Barracks  
  19  2:02  Supply Depot  
  19  2:05  SCV  
  20  2:17  SCV, Marine x2  
  23  2:29  SCV, Engineering Bay  
  24  2:39  Bunker  
  24  2:41  SCV  
  25  2:44  Barracks Tech Lab  
  25  2:47  Marine x2  
  27  2:53  SCV  
  27  2:57  Supply Depot  
  28  3:01  Terran Infantry Weapons Level 1  
  28  3:04  Marine  
  28  3:05  Marine  
  30  3:06  Marine  
  31  3:14  Orbital Command  
  31  3:24  Marine x3  
  31  3:26  Combat Shields  
  34  3:37  SCV  
  34  3:39  Supply Depot  
  35  3:42  Marine  
  36  3:48  SCV  
  36  3:50  SCV, Marine  
  36  3:52  Marine  
  39  4:00  SCV  
  36  4:05  SCV  
  32  4:12  SCV  
  32  4:17  SCV  
  34  4:19  Marine  
  34  4:20  Marine x2  
  35  4:25  SCV  
  35  4:29  SCV  
  29  4:37  SCV, Marine  
  29  4:38  Marine x2  
  26  4:41  SCV  
  21  4:53  SCV  
  21  4:55  Marine x3  
  22  5:05  SCV  
  22  5:10  Bunker  
  22  5:12  Terran Infantry Armor Level 1  
  22  5:13  Marine x3  
  25  5:17  SCV  
  26  5:31  Marine x3  
  29  5:48  Marine  
  29  5:49  Marine x2  
  32  5:55  Orbital Command  
  32  6:01  Supply Depot  
  32  6:06  Marine  
  32  6:07  Marine x2  
  35  6:13  Refinery  
  35  6:24  Marine x2  
  37  6:28  Bunker  
  37  6:37  Marine  
  34  6:42  Marine  
  34  6:44  SCV  
  9  7:30  Stimpack  
  9  7:45  Marine x3  
  12  7:54  SCV  
  13  8:02  Marine  
  13  8:03  Marine  
  15  8:06  SCV  
  16  8:18  SCV  
  17  8:30  SCV  
  17  8:33  Missile Turret  
  18  8:35  Marine  
  19  8:43  SCV  
  20  8:55  SCV  
  21  9:01  Marine x2  
  23  9:07  SCV  
  24  9:11  Marine  
  25  9:19  Marine  
  26  9:35  SCV  
  27  9:47  SCV  
  28  9:59  SCV  
  29  10:04  Factory  
  29  10:11  SCV  
Tags
 
Add a new tag
Caveats
  • Supply blocks, unpowered buildings, or Contaminate may cause inaccurate times.
  • Supply counts are checked every 10 seconds.